[Event "WYCC 2018 O14"]
[Site "Halkidiki"]
[Date "2018.10.24"]
[Round "6"]
[White "Van Dael, Siem"]
[Black "Ghazaryan, Raffi"]
[Result "1-0"]
[ECO "B17"]
[WhiteElo "2202"]
[BlackElo "1916"]
[Annotator "NA"]
[PlyCount "69"]
[EventDate "2018.10.20"]
[EventType "swiss"]
[EventCountry "GRE"]
[SourceTitle "playchess.com"]
[Source "ChessBase"]
[SourceQuality "1"]
[TimeControl "40/5400+30:1800+30"]

1. e4 c6 2. d4 d5 3. Nd2 dxe4 4. Nxe4 Nd7 5. Bc4 Ngf6 6. Ng5 e6 7. Qe2 Nb6 8. Bd3 h6 {[%emt 0:06:58] LiveBook: 618 Games} 9. N5f3 Bd6 {[%emt 0:02:43] B17: Caro-Kann: Modern Line (4...Nd7)} (9... c5 10. dxc5 Bxc5 11. Ne5 Nbd7 12. Ngf3 Qc7 13. O-O O-O 14. Bf4 Bd6 15. Rfe1 Nxe5 16. Bxe5 Bxe5 17. Qxe5 Qxe5 18. Nxe5 Rd8 19. Rad1 Bd7 20. f3 Be8 21. c4 Kf8 22. Kf2 a5 23. b3 {½-½ (41) Duda,J (2652)-Wojtaszek,R (2713) Poznan 2016}) 10. Ne5 O-O 11. Ngf3 Nbd7 12. Bd2 $146 ({Predecessor:} 12. O-O c5 13. c3 cxd4 14. cxd4 b6 15. Bf4 Nd5 16. Bg3 N7f6 17. Nc6 {1-0 (65) Nopin,V (2375)-Justesen,A (2183) ICCF email 2009}) 12... c5 13. c3 b6 14. Nxd7 Bxd7 15. Ne5 Qe7 16. a3 Rfd8 17. g4 cxd4 18. cxd4 Bxe5 19. dxe5 Nd5 20. Qe4 g6 21. h4 Bc6 22. Rh3 a5 23. Qe2 Qf8 24. Rc1 Bb7 25. f4 Rac8 26. Rxc8 Rxc8 {[%emt 0:01:00] [#]} 27. h5 $16 Qc5 28. hxg6 Qg1+ 29. Qf1 Qxg4 30. gxf7+ Kxf7 31. f5 Rg8 32. fxe6+ Kxe6 33. Rxh6+ Kxe5 34. Bc3+ Nxc3 35. Qf6+ 1-0

[Event "WYCC 2018 O14"]
[Site "Halkidiki"]
[Date "2018.10.24"]
[Round "6"]
[White "Fecker, Noah"]
[Black "Suleymanli, Aydin"]
[Result "1/2-1/2"]
[ECO "B17"]
[WhiteElo "2184"]
[BlackElo "2313"]
[Annotator "NA"]
[PlyCount "75"]
[EventDate "2018.10.20"]
[EventType "swiss"]
[EventCountry "GRE"]
[SourceTitle "playchess.com"]
[Source "ChessBase"]
[SourceQuality "1"]
[TimeControl "40/5400+30:1800+30"]

1. e4 c6 2. d4 d5 3. Nc3 dxe4 4. Nxe4 Nd7 5. Ng5 Ngf6 6. Bd3 e6 7. N1f3 Bd6 8. Qe2 h6 9. Ne4 Nxe4 10. Qxe4 Qc7 11. O-O b6 12. Qg4 {[%emt 0:00:40] B17: Caro-Kann: Modern Line (4...Nd7)} Kf8 13. Bd2 (13. Re1 c5 14. Qh4 Bb7 15. Be4 Be7 16. Qh3 Bxe4 17. Rxe4 Rd8 18. c3 Qb7 19. Re2 Kg8 {½-½ (75) Duda,J (2707)-Ivanchuk,V (2728) Tbilisi 2017}) 13... Bb7 {[%emt 0:01:54] LiveBook: 8 Games} 14. b4 Rc8 $146 ({Predecessor:} 14... Nf6 15. Qh4 Nd5 16. Rab1 Nf4 17. Bc4 Kg8 18. Rfe1 Rd8 19. Bxf4 Bxf4 {½-½ (55) Milliet,S (2387)-Godard,M (2363) Belfort 2012}) 15. Rab1 Ba8 16. Rfe1 c5 17. dxc5 bxc5 18. bxc5 Nxc5 19. Nd4 Be7 20. Bf4 Qd8 21. Be5 Bf6 22. Nf3 Nxd3 23. cxd3 g6 24. Bxf6 Qxf6 25. Ne5 Kg7 26. Nd7 Qc3 27. Qf4 g5 $11 28. Qe3 Rhd8 29. Rec1 Qa5 30. Rxc8 Rxc8 31. Qd4+ e5 32. Nxe5 Qd5 33. Nc6+ Qxd4 34. Nxd4 Rc3 35. Rd1 Ra3 36. Rd2 a6 37. f3 Bd5 38. Nb3 1/2-1/2

[Event "WYCC 2018 O14"]
[Site "Halkidiki"]
[Date "2018.10.24"]
[Round "6"]
[White "Vitenberg, Noam Aviv"]
[Black "Popov, Konstantin"]
[Result "1-0"]
[ECO "A05"]
[WhiteElo "2175"]
[BlackElo "2304"]
[Annotator "NA"]
[PlyCount "133"]
[EventDate "2018.10.20"]
[EventType "swiss"]
[EventCountry "GRE"]
[SourceTitle "playchess.com"]
[Source "ChessBase"]
[SourceQuality "1"]
[TimeControl "40/5400+30:1800+30"]

1. Nf3 Nf6 2. c4 g6 3. Nc3 d5 4. cxd5 Nxd5 5. e4 Nxc3 6. dxc3 Qxd1+ 7. Kxd1 Nd7 8. Bf4 c6 9. Kc2 f6 {[%emt 0:01:50] LiveBook: 34 Games A16: English Opening: 1...Nf6 with ...d5} (9... Nc5 10. Nd2 Bg7 11. Be3 Na4 12. Bc4 Nb6 13. Bb3 Nd7 14. a4 O-O 15. h4 h5 16. a5 Ne5 17. f3 {½-½ (48) So,W (2812)-Mamedyarov,S (2800) Paris 2017}) 10. e5 g5 11. Bg3 g4 12. Nd2 Nxe5 13. Bxe5 fxe5 14. Re1 $146 ({Predecessor:} 14. Bd3 Be6 15. Rhe1 Bg7 16. Re2 O-O-O 17. Ne4 {½-½ (34) Dudukin,I (2333)-Yandemirov,V (2469) Samara 2003}) 14... Bg7 15. Bd3 Be6 16. f4 O-O 17. Rhf1 Bd5 ({And not} 17... Bxa2 18. b3 $16) 18. g3 Rae8 19. c4 Bg2 20. Rf2 Bh3 21. f5 e6 22. Ne4 Rxf5 23. Rxf5 exf5 24. Nd6 Re6 25. c5 Bg2 26. Bxf5 Rh6 27. Bxg4 Bd5 28. h3 b6 29. Nf5 Rf6 30. cxb6 axb6 31. Rxe5 Bf8 32. b3 h5 33. Be2 Bg2 34. Bc4+ Kh7 35. Ne3 Bf3 36. Bd3+ Kg8 37. Rg5+ Kf7 38. Bc4+ Ke8 39. Re5+ Kd7 40. Bd3 Bd6 41. Rg5 Bc5 42. Nf5 Bf2 43. Rg7+ Kd8 44. g4 Re6 45. Rg8+ Re8 46. Rxe8+ Kxe8 47. Ng7+ Kf7 48. Nxh5 Be3 49. Ng3 Bg2 50. Bf1 Bf3 51. Nf5 Bf4 52. Kd3 Kf6 53. Be2 Bd5 54. Ne3 Bf7 55. Bf3 Be8 56. Be4 Kg5 57. Ng2 Be5 58. Ke3 c5 59. Kf3 b5 60. h4+ Kh6 61. Ne3 Bd7 $18 (61... Kg7 {war nötig.} 62. Nf5+ Kf8) 62. Nd5 c4 63. g5+ Kg7 64. h5 c3 65. h6+ Kh8 66. g6 Bc6 67. g7+ 1-0

[Event "WYCC 2018 O14"]
[Site "Halkidiki"]
[Date "2018.10.24"]
[Round "6"]
[White "Juhasz, Agoston"]
[Black "Dardha, Daniel"]
[Result "1-0"]
[ECO "B30"]
[WhiteElo "2174"]
[BlackElo "2316"]
[Annotator "NA"]
[PlyCount "85"]
[EventDate "2018.10.20"]
[EventType "swiss"]
[EventCountry "GRE"]
[SourceTitle "playchess.com"]
[Source "ChessBase"]
[SourceQuality "1"]
[TimeControl "40/5400+30:1800+30"]

1. e4 c5 2. Nf3 Nc6 3. Bb5 e6 4. Bxc6 bxc6 5. b3 d6 6. e5 {[%emt 0:08:22] B30: Sizilianisch (Rossolimo-Variante)} dxe5 7. Nxe5 Qg5 8. Ng4 e5 $146 ({Vorgänger:} 8... f5 9. Qf3 {½-½ (9) Kovchan,A (2585)-Moiseenko,A (2701) Lvov 2014}) 9. Qf3 Ne7 10. Ne3 f5 11. O-O e4 12. Qg3 Qf6 13. Nc4 Ba6 14. Bb2 Qe6 15. d3 Bxc4 16. bxc4 O-O-O 17. dxe4 fxe4 18. Qa3 Kb7 19. Nc3 Nc8 $18 20. Rab1 Nb6 21. Na4 Qxc4 22. Bc3 Qa6 23. Bxg7 Kc7 24. Bxh8 Qxa4 25. Be5+ Bd6 26. Bxd6+ Rxd6 27. Qxa4 Nxa4 28. Rfd1 Rd4 29. Rxd4 cxd4 30. Kf1 c5 31. Ke1 Kc6 32. g4 a5 33. g5 c4 34. h4 c3 35. h5 Nb2 36. g6 hxg6 37. hxg6 d3 38. g7 dxc2 39. Ra1 Nd3+ 40. Kf1 c1=Q+ 41. Rxc1 Nxc1 42. g8=Q Kc5 43. Qg5+ {[%emt 0:00:27] Kd5} 1-0

[Event "WYCC 2018 O14"]
[Site "Halkidiki"]
[Date "2018.10.24"]
[Round "6"]
[White "Lopez Varela, Pablo"]
[Black "Tadic, Stefan"]
[Result "1/2-1/2"]
[ECO "B03"]
[WhiteElo "2172"]
[BlackElo "2295"]
[Annotator "NA"]
[PlyCount "74"]
[EventDate "2018.10.20"]
[EventType "swiss"]
[EventCountry "GRE"]
[SourceTitle "playchess.com"]
[Source "ChessBase"]
[SourceQuality "1"]
[TimeControl "40/5400+30:1800+30"]

1. e4 Nf6 2. e5 Nd5 3. d4 d6 4. c4 Nb6 5. exd6 exd6 6. Bd3 Be7 7. Nc3 Nc6 8. Nge2 O-O 9. b3 {[%emt 0:01:44] B03: Alekhine's Defence: Four Pawns Attack} (9. O-O Bf6 10. b3 Re8 11. Be3 Bg4 12. Qd2 Bxe2 13. Nxe2 d5 14. c5 Nd7 15. b4 a6 16. Rae1 Nf8 17. Bb1 {1-0 (37) Gelashvili,T (2563)-Berkes,F (2654) Minsk 2017 CBM 179 [Mekhitarian,K]}) 9... a5 10. O-O Bf6 11. Be3 Nb4 $146 ({Predecessor:} 11... a4 12. Qb1 axb3 13. axb3 Rxa1 14. Qxa1 Re8 15. Qb1 {0-1 (34) Olsarova,K (2275)-Khaetsky,R (2373) Pardubice 2017}) 12. a3 (12. Be4 $14) 12... Nxd3 13. Qxd3 a4 14. b4 d5 15. c5 Nc4 16. Nxd5 (16. Rfe1 $15) 16... Qxd5 17. Nf4 Ne5 18. dxe5 Qxe5 19. Nd5 Rd8 20. Nxf6+ Qxf6 21. Qe4 c6 22. Rad1 Be6 23. Qf4 Qxf4 24. Bxf4 Bb3 25. Rxd8+ Rxd8 26. Re1 Rd1 27. Rxd1 Bxd1 28. Kf1 f5 29. Ke1 Bb3 30. Kd2 Kf7 31. Ke3 Ke6 32. Kd4 g6 $11 33. h4 Bd5 34. g3 Bb3 35. Bg5 Bd5 36. Bf4 Bb3 37. Bg5 Bd5 {[%emt 0:00:08] Ke4 Ke5+} 1/2-1/2

[Event "WYCC 2018 O14"]
[Site "Halkidiki"]
[Date "2018.10.24"]
[Round "6"]
[White "Turgut, Aydin"]
[Black "Gines Esteo, Pedro Antonio"]
[Result "0-1"]
[ECO "B13"]
[WhiteElo "2156"]
[BlackElo "2288"]
[Annotator "NA"]
[PlyCount "128"]
[EventDate "2018.10.20"]
[EventType "swiss"]
[EventCountry "GRE"]
[SourceTitle "playchess.com"]
[Source "ChessBase"]
[SourceQuality "1"]
[TimeControl "40/5400+30:1800+30"]

1. e4 c6 2. d4 d5 3. exd5 cxd5 4. Bd3 Nc6 5. c3 Nf6 6. h3 g6 7. Nf3 Bf5 8. Bxf5 gxf5 9. Bf4 {[%emt 0:00:15] B13: Caro-Kann: Exchange Variation and Panov-Botvinnik Attack} Rg8 (9... e6 10. Ne5 Rg8 11. O-O Bd6 12. Nd2 Qc7 13. Re1 O-O-O 14. Rc1 Bxe5 15. Rxe5 Qd7 16. Re1 Rg6 {0-1 (46) Malakhov,V (2686)-Esipenko,A (2564) Riadh 2017}) 10. Nbd2 Rxg2 $146 ({Predecessor:} 10... Nh5 11. Be5 e6 12. g4 f6 13. gxh5 fxe5 14. dxe5 Qc7 15. Qe2 Bg7 16. O-O-O O-O-O {½-½ (49) Tornai,I (2175)-Gledura,B (2180) Hungary 2011}) 11. Nh4 Rg8 12. Nxf5 e6 13. Qe2 Qd7 14. Ng3 O-O-O 15. Nf3 Bd6 16. Bxd6 Qxd6 17. Ne5 Qc7 18. Nxc6 Qxc6 19. O-O-O Rg6 20. Qf3 Qc7 21. h4 Ng4 22. Nh5 Nh6 23. Kb1 Kb8 24. Rde1 Nf5 25. Nf4 Rgg8 26. Nh5 h6 27. Nf6 Rg6 28. Ng4 Rdg8 29. Ne5 Rg2 30. Nd3 Nd6 31. Nf4 R2g4 32. Nh5 Ne4 33. Qe3 Rg2 34. Ref1 R2g6 35. f3 Nd6 36. Qf4 Nc4 37. Qxc7+ Kxc7 38. Rh2 Rg2 39. Rf2 Rxh2 40. Rxh2 Rg1+ 41. Kc2 Rf1 42. f4 Kd7 43. Re2 Nd6 44. Nf6+ Kd8 45. Nh5 Ke7 46. Rg2 Rh1 47. f5 Nxf5 48. Ng3 Ne3+ 49. Kd3 Nxg2 50. Nxh1 Nxh4 51. Ng3 Ng6 52. Ke3 Kf6 53. c4 dxc4 54. Ne4+ Ke7 55. a4 Nh4 56. Kf4 $19 f6 57. Nd2 Nf5 58. d5 Nd6 59. dxe6 Kxe6 60. Nf3 Kd5 61. Ke3 h5 62. Ne1 h4 63. Ng2 Nf5+ 64. Kf4 h3 {[%emt 0:00:07] Ke5+ Kxe5} 0-1

[Event "WYCC 2018 O14"]
[Site "Halkidiki"]
[Date "2018.10.24"]
[Round "6"]
[White "Patrelakis, Evaggelos"]
[Black "Vujovic, Savo"]
[Result "1/2-1/2"]
[ECO "B66"]
[WhiteElo "2146"]
[BlackElo "1781"]
[Annotator "NA"]
[PlyCount "82"]
[EventDate "2018.10.20"]
[EventType "swiss"]
[EventCountry "GRE"]
[SourceTitle "playchess.com"]
[Source "ChessBase"]
[SourceQuality "1"]
[TimeControl "40/5400+30:1800+30"]

1. e4 c5 2. Nf3 Nc6 3. d4 cxd4 4. Nxd4 Nf6 5. Nc3 d6 6. Bg5 e6 7. Qd2 a6 8. O-O-O h6 9. Be3 Bd7 10. f3 Qc7 11. Kb1 Be7 12. g4 Ne5 13. h4 b5 14. Bd3 h5 15. g5 Nh7 16. f4 Ng4 17. f5 b4 18. Nce2 e5 19. Nf3 Bb5 20. g6 fxg6 21. fxg6 Nxe3 22. Qxe3 Nf6 23. Ng5 Ng4 24. Ne6 Qxc2+ 25. Bxc2 Nxe3 26. Nc7+ Kd8 27. Nxa8 Nxd1 28. Ng3 Ne3 29. Nb6 Bc6 30. Bd3 Kc7 31. Nc4 Nxc4 32. Bxc4 Be8 33. Rc1 Kd7 34. Bf1 Kd8 35. Bxa6 Rf8 36. Nf5 Bxg6 37. Nxg7 Bxe4+ 38. Ka1 Bd5 39. Nxh5 Bxh4 40. Rc8+ Ke7 41. Rc7+ Kd8 1/2-1/2

[Event "WYCC 2018 O14"]
[Site "Halkidiki"]
[Date "2018.10.24"]
[Round "6"]
[White "Galkin, Gleb"]
[Black "Ibarra, Juan Martin"]
[Result "1-0"]
[ECO "A46"]
[WhiteElo "2134"]
[BlackElo "1899"]
[Annotator "NA"]
[PlyCount "73"]
[EventDate "2018.10.20"]
[EventType "swiss"]
[EventCountry "GRE"]
[SourceTitle "playchess.com"]
[Source "ChessBase"]
[SourceQuality "1"]
[TimeControl "40/5400+30:1800+30"]

1. d4 Nf6 2. Nf3 e6 3. c4 d5 4. e3 Be7 5. b3 O-O {[%emt 0:05:45] D30: Queen's Gambit Declined: Systems without Nc3} 6. Bd3 c5 7. O-O {[%emt 0:04:54] LiveBook: 65 Games} Nc6 8. Bb2 Nb4 9. Be2 b6 10. Nc3 Bb7 11. Ne5 dxc4 $146 ({Predecessor:} 11... Qb8 12. a3 Nc6 13. Nxc6 Bxc6 14. cxd5 exd5 15. Bf3 Qb7 16. g3 {½-½ (50) San Segundo Carrillo,P (2495)-Granda Zuniga,J (2625) Ponferrada 1997}) 12. bxc4 Qc8 13. a3 Nc6 14. Nxc6 Bxc6 15. d5 Rd8 16. e4 e5 17. Qc2 Bd7 18. f4 exf4 19. e5 Ng4 20. e6 fxe6 21. Bxg4 e5 22. Bf3 Rb8 23. Ne4 Bf6 24. Nxf6+ gxf6 25. Be4 Qc7 26. Bxh7+ Kh8 $18 27. Rxf4 Ba4 28. Qxa4 exf4 29. Bf5 Qe7 30. Qc2 Qe3+ 31. Kf1 f3 32. Bxf6+ Kg8 33. Re1 Qh6 34. Be6+ Kf8 35. Qf5 fxg2+ 36. Kg1 Qd2 37. Bc3+ 1-0

[Event "WYCC 2018 O14"]
[Site "Halkidiki"]
[Date "2018.10.24"]
[Round "6"]
[White "Marn, Jan"]
[Black "Dwyer, Daniel"]
[Result "1-0"]
[ECO "A06"]
[WhiteElo "2125"]
[BlackElo "2133"]
[Annotator "ChessBase"]
[PlyCount "157"]
[EventDate "2018.10.20"]
[EventType "swiss"]
[EventCountry "GRE"]
[SourceTitle "playchess.com"]
[Source "ChessBase"]
[SourceQuality "1"]
[TimeControl "40/5400+30:1800+30"]

1. Nf3 d5 2. g3 Nf6 3. Bg2 Bf5 4. O-O e6 5. d3 h6 6. Nbd2 Be7 7. Qe1 O-O 8. e4 Bh7 9. Qe2 c5 10. e5 Nfd7 11. Re1 Nc6 12. Nf1 Rc8 13. c3 b5 14. h4 Nb6 15. N1h2 d4 16. Rd1 Na4 17. cxd4 cxd4 18. Ne1 Qc7 19. Nhf3 Nb4 20. Nxd4 Qb6 21. Nb3 Rfd8 22. Be3 Qb8 23. f4 Nc5 24. Nxc5 Bxc5 25. Bxc5 Rxc5 26. a3 Nc6 27. b4 Nd4 28. Qb2 Rc7 29. Rac1 Nf5 30. Kh2 Rxc1 31. Rxc1 Ne3 32. Qe2 Nxg2 33. Kxg2 Qb7+ 34. Kh2 Qd5 35. Rc3 Qd4 36. Qc2 Bf5 37. Qd2 a6 38. Nf3 Qd5 39. Ne1 Qe4 40. Qf2 Qd5 41. Kg1 Kh7 42. Kh2 Kg8 43. Qd2 Qe4 44. Rc8 Qd5 45. Rxd8+ Qxd8 46. Qe2 Qd4 47. Ng2 Bxd3 48. Qd2 Qc4 49. Qe3 Be4 50. Ne1 Qa2+ 51. Kg1 Bd5 52. Qc3 Qe2 53. Qc8+ Kh7 54. Qc2+ Qxc2 55. Nxc2 Kg6 56. Ne3 Be4 57. Kf2 f6 58. exf6 gxf6 59. g4 f5 60. g5 hxg5 61. hxg5 e5 62. Kg3 exf4+ 63. Kxf4 Bd3 64. Nd5 Kf7 65. Nc7 Kg6 66. Nxa6 Bc4 67. Nc5 Ba2 68. Nd7 Bb1 69. Ne5+ Kg7 70. Nf3 Kf7 71. Nd4 Bd3 72. Nxf5 Ke6 73. Ne3 Bg6 74. Ng4 Kd5 75. Ne5 Bh7 76. g6 Bg8 77. Ng4 Be6 78. Nf6+ Kc4 79. Ke5 1-0

[Event "WYCC 2018 O14"]
[Site "Halkidiki"]
[Date "2018.10.24"]
[Round "6"]
[White "Torngren, Gustav"]
[Black "Unneland, Mathias"]
[Result "1/2-1/2"]
[ECO "A16"]
[WhiteElo "2107"]
[BlackElo "1884"]
[Annotator "NA"]
[PlyCount "96"]
[EventDate "2018.10.20"]
[EventType "swiss"]
[EventCountry "GRE"]
[SourceTitle "playchess.com"]
[Source "ChessBase"]
[SourceQuality "1"]
[TimeControl "40/5400+30:1800+30"]

1. c4 Nf6 2. Nc3 g6 3. g3 Bg7 4. Bg2 d6 5. e4 O-O 6. Nge2 c5 7. O-O Nc6 8. a3 Nd7 9. d3 Rb8 10. Rb1 a6 11. b4 Nd4 12. Be3 Nxe2+ 13. Nxe2 b5 14. cxb5 $14 axb5 15. Qc2 Ba6 16. Rfc1 Rc8 17. Qd1 e6 18. Bh3 Qe7 19. Rc2 Rc7 20. Nc3 Rb8 21. f4 Rcc8 22. Qd2 Bd4 23. Bxd4 cxd4 24. Ne2 e5 25. Bxd7 Qxd7 26. Rbc1 Kg7 27. fxe5 Rxc2 28. Rxc2 dxe5 29. Rc5 Qe6 30. Qc2 Rc8 31. Nc1 h5 32. Nb3 h4 33. Qd1 hxg3 34. hxg3 Rh8 35. Nd2 Qh3 36. Nf1 Qh1+ 37. Kf2 Bc8 38. Qf3 Qh3 39. Rxe5 Qd7 40. Qf4 Rh1 41. Rc5 Qh3 42. Rc1 Bg4 43. Ke1 Rxf1+ 44. Qxf1 Qxg3+ 45. Kd2 Qh2+ 46. Ke1 Qg3+ 47. Kd2 Qh2+ 48. Ke1 Qg3+ 1/2-1/2

[Event "WYCC 2018 O14"]
[Site "Halkidiki"]
[Date "2018.10.24"]
[Round "6"]
[White "Runets, Ivan"]
[Black "Kushagra Mohan"]
[Result "0-1"]
[ECO "A49"]
[WhiteElo "2047"]
[BlackElo "2283"]
[Annotator "NA"]
[PlyCount "82"]
[EventDate "2018.10.20"]
[EventType "swiss"]
[EventCountry "GRE"]
[SourceTitle "playchess.com"]
[Source "ChessBase"]
[SourceQuality "1"]
[TimeControl "40/5400+30:1800+30"]

1. d4 Nf6 2. Nf3 g6 3. g3 Bg7 4. Bg2 c5 5. O-O cxd4 6. Nxd4 O-O 7. c4 Nc6 8. Nc3 Qa5 9. Nc2 d6 10. Bd2 {[%emt 0:03:10] LiveBook: 61 Games} Qh5 11. b3 {[%emt 0:12:48] A38: Symmetrical English vs ...g6: 4 Bg2 Bg7 5 Nf3 Nf6} (11. e4 Ng4 12. h3 Nge5 13. Qxh5 gxh5 14. Ne3 Bxh3 15. f4 Bxg2 16. Kxg2 Ng4 17. Nf5 Bxc3 18. Bxc3 e6 19. Nxd6 {½-½ (33) Gledura,B (2613)-Markus,R (2617) Budapest 2017}) 11... Bh3 12. e3 $146 ({Predecessor:} 12. Ne3 e6 13. Rc1 Bxg2 14. Nxg2 d5 15. Nf4 Qe5 16. cxd5 exd5 17. e3 Rad8 18. Qe2 Qf5 {0-1 (37) Blagojevic,D (2506)-Tadic,B (2493) Mosko 2015}) 12... Ng4 13. f3 Nge5 14. Rb1 Rad8 15. Qe2 Bxg2 16. Kxg2 f5 17. Nd4 Nxd4 18. exd4 Nc6 19. d5 Ne5 20. Rbe1 g5 21. f4 Qxe2+ 22. Rxe2 gxf4 23. gxf4 Ng6 24. Nb5 a6 25. Nc7 Rc8 26. Ne6 Rfe8 27. Be3 b5 $11 28. c5 dxc5 29. Bxc5 Bf6 30. b4 Nf8 31. Nxf8 Kxf8 32. Re6 Kf7 33. Rxa6 Rg8+ 34. Kf3 Rg4 35. Re1 Rcg8 36. Bxe7 Bc3 37. Rc1 Bd2 38. Rc7 Rxf4+ 39. Ke2 Rg2+ 40. Kd3 Rf3+ 41. Kd4 Be3+ 0-1

[Event "WYCC 2018 O14"]
[Site "Halkidiki"]
[Date "2018.10.24"]
[Round "6"]
[White "Redzisz, Michal"]
[Black "Vettese, Nicholas"]
[Result "0-1"]
[ECO "A50"]
[WhiteElo "2026"]
[BlackElo "2338"]
[Annotator "NA"]
[PlyCount "46"]
[EventDate "2018.10.20"]
[EventType "swiss"]
[EventCountry "GRE"]
[SourceTitle "playchess.com"]
[Source "ChessBase"]
[SourceQuality "1"]
[TimeControl "40/5400+30:1800+30"]

1. d4 Nf6 2. c4 g6 3. f3 c5 4. d5 d6 5. Nc3 Bg7 6. e4 O-O 7. Bd3 {[%emt 0:07:30] LiveBook: 7 Games E80: King's Indian: Sämisch: Lines without early ...0-0} (7. Bg5 h6 8. Be3 e6 9. Qd2 exd5 10. cxd5 Nh7 11. Bd3 Nd7 12. Nh3 Ne5 13. Nf2 f5 14. Be2 g5 15. exf5 Bxf5 16. h4 b5 17. hxg5 hxg5 18. Nxb5 Rb8 {0-1 (33) Najer,E (2682)-Mamedyarov,S (2772) Sochi 2017}) 7... e6 8. Bg5 h6 9. Bh4 exd5 10. exd5 Nbd7 11. f4 Qb6 $146 ({Predecessor:} 11... a6 12. Nge2 b5 13. cxb5 Qc7 14. h3 {1-0 (58) Colon Romero,M-Campos Lopez,M Quito/Guayaquil 1969}) 12. Qc2 Re8+ 13. Nge2 Ng4 14. Bf2 Bd4 15. Bxd4 cxd4 16. Nb5 a6 17. Na3 Nc5 18. O-O $19 Nxd3 19. Qxd3 Rxe2 20. b3 Bf5 21. Qf3 d3+ 22. Kh1 h5 23. c5 Qxc5 0-1

[Event "WYCC 2018 O14"]
[Site "Halkidiki"]
[Date "2018.10.24"]
[Round "6"]
[White "Misyura, Ilya"]
[Black "Gharibyan, Mamikon"]
[Result "1/2-1/2"]
[ECO "E48"]
[WhiteElo "1967"]
[BlackElo "2314"]
[Annotator "ChessBase"]
[PlyCount "141"]
[EventDate "2018.10.20"]
[EventType "swiss"]
[EventCountry "GRE"]
[SourceTitle "playchess.com"]
[Source "ChessBase"]
[SourceQuality "1"]
[TimeControl "40/5400+30:1800+30"]

1. d4 Nf6 2. c4 e6 3. Nc3 Bb4 4. e3 O-O 5. Bd3 d5 6. cxd5 exd5 7. Nge2 b6 8. a3 Bd6 9. b4 Re8 10. O-O Nbd7 11. f3 c5 12. Rb1 Nf8 13. bxc5 bxc5 14. Nb5 Be7 15. dxc5 Bxc5 16. Nbd4 Ng6 17. Re1 Bd7 18. Bxg6 hxg6 19. Qd3 Qe7 20. Ng3 Rab8 21. Rxb8 Rxb8 22. Re2 Rb6 23. Rb2 Ne8 24. Rxb6 axb6 25. Nge2 Nd6 26. Nc3 Qe5 27. f4 Qe8 28. Nxd5 Nf5 29. Nxf5 gxf5 30. Nc3 Bc6 31. Kf2 Qc8 32. a4 Bb7 33. Bb2 f6 34. Qc4+ Kh7 35. Qd3 Kh8 36. Qb5 Qe6 37. Bc1 Bc6 38. Qd3 Bb4 39. Ne2 Bxa4 40. Nd4 Qa2+ 41. Qe2 Qxe2+ 42. Kxe2 Bd7 43. Kd3 Kg8 44. e4 fxe4+ 45. Kxe4 Kf7 46. f5 b5 47. Bb2 Bd2 48. g4 b4 49. Kd3 Bf4 50. Kc4 Bd6 51. Nc2 Bc6 52. Nxb4 Bf3 53. Nc2 Bxg4 54. Ne3 Be2+ 55. Kd5 Bxh2 56. Ke4 Bd6 57. Bc3 Ba6 58. Kf3 Bb7+ 59. Kg4 Bc8 60. Kf3 Bc5 61. Bd2 Bxe3 62. Bxe3 Bxf5 63. Kf4 Bc2 64. Kg3 Bd1 65. Bc1 Ke6 66. Bd2 Kf5 67. Bc1 g5 68. Bd2 Kg6 69. Bc1 f5 70. Bd2 f4+ 71. Bxf4 1/2-1/2

[Event "WYCC 2018 O14"]
[Site "Halkidiki"]
[Date "2018.10.24"]
[Round "6"]
[White "Shermuhammadov, Samandar"]
[Black "Cohen Revivo, Shoham"]
[Result "1/2-1/2"]
[ECO "C00"]
[WhiteElo "1962"]
[BlackElo "2289"]
[Annotator "NA"]
[PlyCount "73"]
[EventDate "2018.10.20"]
[EventType "swiss"]
[EventCountry "GRE"]
[SourceTitle "playchess.com"]
[Source "ChessBase"]
[SourceQuality "1"]
[TimeControl "40/5400+30:1800+30"]

1. e4 e6 2. d3 d5 3. Nd2 Nf6 4. Ngf3 Nc6 5. c3 e5 6. Be2 Be7 7. O-O O-O 8. b4 {[%emt 0:00:08] C00: French: Unusual White 2nd moves} a6 9. Bb2 Bg4 (9... b5 10. Re1 Re8 11. a4 Rb8 12. axb5 axb5 13. Bf1 Be6 14. Ra6 {0-1 (44) Firman,N (2512)-Firat,B (2452) Rio Achaea 2018}) 10. Qc2 Qd7 11. a3 Rfe8 12. Rfe1 dxe4 $146 ({Predecessor:} 12... Rad8 13. Rad1 Qc8 14. Nf1 Bxf3 15. Bxf3 d4 {½-½ (46) Ruiz Manchon,F (2135)-Mas Recorda,P (2070) Sant Adria 2012}) 13. dxe4 Rad8 14. Rad1 Nh5 15. h3 Bxf3 16. Nxf3 Qe6 17. Rxd8 Rxd8 18. Rd1 Nf4 19. Bf1 Rxd1 20. Qxd1 Qd6 21. Qxd6 Bxd6 22. c4 f6 23. c5 Be7 24. Bc4+ Kf8 25. h4 Ke8 26. g3 Ng6 27. Bc3 Nf8 28. Kf1 Nb8 29. Nd2 Kd7 30. Ke2 b6 31. cxb6 cxb6 32. Bd5 $11 b5 33. Nb3 Ne6 34. Ke3 Nc6 35. f4 Bd6 36. Bxc6+ Kxc6 37. f5 {[%emt 0:01:27] Kd5} 1/2-1/2

[Event "WYCC 2018 O14"]
[Site "Halkidiki"]
[Date "2018.10.24"]
[Round "6"]
[White "Dao, Minh Nhat"]
[Black "Krallis, Christos"]
[Result "1-0"]
[ECO "A45"]
[WhiteElo "1956"]
[BlackElo "2139"]
[Annotator "NA"]
[PlyCount "52"]
[EventDate "2018.10.20"]
[EventType "swiss"]
[EventCountry "GRE"]
[SourceTitle "playchess.com"]
[Source "ChessBase"]
[SourceQuality "1"]
[TimeControl "40/5400+30:1800+30"]

1. d4 Nf6 2. Bf4 d5 3. e3 c5 4. c3 Nc6 5. Nd2 e6 6. Ngf3 Bd6 7. Bg3 O-O 8. Bd3 b6 9. Ne5 Bb7 10. f4 Ne7 11. O-O Nf5 12. Qf3 Be7 13. Rad1 cxd4 14. exd4 g6 15. Qe2 Nxg3 16. hxg3 Ne8 17. Kf2 Kg7 18. Rh1 Rh8 19. Rde1 Nd6 20. Qg4 h5 21. Rxh5 Rxh5 22. Nxf7 Qe8 23. Nxd6 Bxd6 24. Rxe6 Rg5 25. fxg5 Qf7+ 26. Rf6 Bc8 1-0

[Event "WYCC 2018 O14"]
[Site "Halkidiki"]
[Date "2018.10.24"]
[Round "6"]
[White "Trushko, Andrii"]
[Black "Mishra, Abhimanyu"]
[Result "0-1"]
[ECO "D00"]
[WhiteElo "1906"]
[BlackElo "2149"]
[Annotator "NA"]
[PlyCount "82"]
[EventDate "2018.10.20"]
[EventType "swiss"]
[EventCountry "GRE"]
[SourceTitle "playchess.com"]
[Source "ChessBase"]
[SourceQuality "1"]
[TimeControl "40/5400+30:1800+30"]

1. d4 d5 2. Bf4 Nf6 3. e3 e6 4. Nd2 c5 5. c3 Nc6 6. Ngf3 cxd4 7. cxd4 Bd6 8. Bxd6 Qxd6 9. Bb5 Bd7 10. Bxc6 Bxc6 11. O-O Nd7 12. Rc1 O-O 13. a3 Nb6 14. Re1 Rac8 15. Qb3 Ba4 16. Qd3 a6 17. Ng5 g6 18. f4 Rc7 19. b4 Rfc8 20. Rc5 Bb5 21. Qb3 Na4 22. Rec1 Nxc5 23. bxc5 Qd7 24. Ra1 a5 25. Nb1 Bc4 26. Qb6 Qb5 27. Qxb5 Bxb5 28. Nc3 Bc6 29. Rb1 b5 30. Nxb5 Rb7 31. Nc3 Rxb1+ 32. Nxb1 Rb8 33. Nd2 Rb2 34. Ngf3 Bb5 35. e4 Ra2 36. exd5 exd5 37. Kf2 a4 38. g4 Rxa3 39. Ne5 Ra2 40. Ke3 a3 41. Nd3 Rxd2 0-1